 Dungeon Crawl Stone Soup version 0.22.1-1-ga44c0e56f4 (webtiles) character file.

1529 alienav the Conjurer (level 8, 0/93 HPs)
             Began as a Purple Draconian Conjurer on Nov 7, 2018.
             Was a Believer of Vehumet.
             Succumbed to Duvessa's poison
             ... on level 6 of the Dungeon.
             The game lasted 00:55:03 (8360 turns).

alienav the Conjurer (Purple Draconian Conjurer)    Turns: 8360, Time: 00:55:04

Health: 0/93       AC: 24    Str: 10    XL:     8   Next: 55%
Magic:  6/17       EV:  2    Int: 24    God:    Vehumet [**....]
Gold:   289        SH:  0    Dex: 11    Spells: 11/19 levels left

rFire    . . .     SeeInvis .   c - +1 whip (vamp)
rCold    . . .     Gourm    .   (no shield)
rNeg     + + +     Faith    .   (armour unavailable)
rPois    +         Spirit   .   (helmet currently unavailable)
rElec    .         Reflect  .   (cloak currently unavailable)
rCorr    .         Harm     .   (gloves currently unavailable)
MR       ++...     NoTele   +   (boots currently unavailable)
Stlth    ++........             (no amulet)
HPRegen  0.25/turn              k - ring of protection from magic
MPRegen  0.15/turn              (no ring)

@: brilliant, lethally poisoned (0 -> -4), tree-form
A: (breathe power), unfitting armour, AC +6
a: Renounce Religion


You were on level 6 of the Dungeon.
You worshipped Vehumet.
Vehumet was pleased with you.
You were not hungry.
You were a tree.
You visited 1 branch of the dungeon, and saw 6 of its levels.

You collected 289 gold pieces.

Inventory:

Hand Weapons
 c - a +1 vampiric whip (weapon)
 q - a +1 hand axe of freezing
 G - a +3 flail of draining
Missiles
 j - a throwing net (quivered)
 C - 7 tomahawks
Magical Staves
 m - an uncursed staff of wizardry
Jewellery
 k - a ring of protection from magic (left branch)
Wands
 s - a wand of paralysis (15)
Scrolls
 a - a scroll of teleportation
 e - 4 scrolls of identify
 g - a scroll of amnesia
 l - 2 scrolls of remove curse
 u - 2 scrolls of enchant armour
Potions
 f - a potion of flight
 n - a potion of brilliance
Comestibles
 b - 5 rations


   Skills:
 + Level 2.7 Fighting
   Level 1.7 Short Blades
 + Level 2.8 Maces & Flails
   Level 1.9 Polearms
 + Level 4.0 Dodging
 + Level 3.3 Stealth
 + Level 0.2 Unarmed Combat
 + Level 6.3 Spellcasting
 + Level 7.0 Conjurations


You had 11 spell levels left.
You knew the following spells:

 Your Spells              Type           Power        Failure   Level  Hunger
a - Magic Dart            Conj           ####         1%          1    None
b - Searing Ray           Conj           ######       1%          2    None
c - Dazzling Spray        Conj/Hex       #####.       1%          3    None
d - Throw Frost           Conj/Ice       #####.       1%          2    None

Your spell library contained the following spells:

 Spells                   Type           Power        Failure   Level  Hunger
 Iskenderun's Mystic Bla  Conj           ######..     1%          4    ###....
 Force Lance              Conj/Tloc      #####...     2%          4    ###....
 Fulminant Prism          Conj/Hex       #####.....   2%          4    ###....


Dungeon Overview and Level Annotations

Branches:
Dungeon (6/15)
 Temple: D:4-7

Altars:
Cheibriados
Kikubaaqudgha
Makhleb
Okawaru
Ru
Sif Muna
Vehumet
Wu Jian
Xom
The Shining One

Annotations:
D:6 Dowan, Duvessa


Innate Abilities, Weirdness & Mutations

((You can breathe bolts of dispelling energy.))
((Your rich purple scales are hard. (AC +6)))
You cannot fit into any form of body armour.
((You are cold-blooded and may be slowed by cold attacks.))


Message History

You feel sick.
* * * LOW HITPOINT WARNING * * *
You feel sick.
* * * LOW HITPOINT WARNING * * *
You feel sick.
Found a potion of lignification.
A worker ant comes into view.
* * * LOW HITPOINT WARNING * * *
You feel sick.
* * * LOW HITPOINT WARNING * * *
You feel sick.
* * * LOW HITPOINT WARNING * * *
You feel sick.
You see here a potion of lignification.
d - a potion of lignification You turn into a tree.
Your roots penetrate the ground.
* * * LOW HITPOINT WARNING * * *
You feel sick.
There are no items here.
You die...

#####
###...##
......###
#.#.....
#.#.#.#
#♣...#
##.#.#
#.#.#####
#a#.....#
#.#####.#
#.# .#
#.# .#
#.# .# .#


You could see a worker ant (sleeping).

Vanquished Creatures
  Sigmund (D:6)
  A water moccasin (D:5)
  An ice beast (D:5)
  3 phantoms
  A scorpion (D:4)
  A wight (D:4)
  A howler monkey (D:5)
  2 vampire bats (D:4)
  A bullfrog zombie (D:6)
  A centaur zombie (D:6)
  A crimson imp (D:5)
  A bullfrog skeleton (D:5)
  2 hounds (D:5)
  3 orc priests
  An orc wizard (D:5)
  An iguana (D:4)
  4 worker ants
  4 gnolls (D:3)
  7 adders
  A shadow imp (D:6)
  An ooze (D:3)
  An adder skeleton (D:4)
  7 worms
  2 dart slugs
  6 leopard geckos
  18 orcs
  A ball python (D:3)
  13 bats
  3 bat skeletons (D:4)
  2 bat zombies (D:4)
  7 giant cockroaches
  7 goblins
  5 hobgoblins
  7 jackals (D:4)
  3 quokkas
  8 frilled lizards
  A jackal skeleton (D:5)
  6 kobolds
  A quokka zombie (D:5)
  5 rats
142 creatures vanquished.

Notes
Turn   | Place    | Note
-------+----------+-------------------------------------------
     0 | D:1      | alienav the Draconian Conjurer began the quest for the Orb.
     0 | D:1      | Reached XP level 1. HP: 14/14 MP: 3/3
   491 | D:1      | Reached XP level 2. HP: 20/20 MP: 0/5
  1461 | D:2      | Reached XP level 3. HP: 27/27 MP: 1/6
  1710 | D:2      | Found a sacrificial altar of Ru.
  1923 | D:2      | Reached skill level 5 in Conjurations
  2340 | D:2      | Reached XP level 4. HP: 34/34 MP: 4/7
  3132 | D:3      | Found a snail-covered altar of Cheibriados.
  3133 | D:3      | Noticed a phantom
  3294 | D:2      | Learned a level 2 spell: Searing Ray
  3298 | D:2      | Learned a level 3 spell: Dazzling Spray
  3418 | D:3      | Reached skill level 1 in Short Blades
  3418 | D:3      | Reached XP level 5. HP: 34/39 MP: 4/9
  3583 | D:3      | Found a radiant altar of Vehumet.
  3833 | D:3      | Became a worshipper of Vehumet
  3998 | D:4      | Found an ornate altar of the Wu Jian Council.
  4222 | D:4      | Reached skill level 1 in Fighting
  4222 | D:4      | Reached XP level 6. HP: 40/47 MP: 2/10
  5216 | D:4      | Reached skill level 1 in Polearms
  5216 | D:4      | Reached skill level 6 in Conjurations
  5216 | D:4      | Your scales start taking on a rich purple colour.
  5216 | D:4      | Reached XP level 7. HP: 52/52 MP: 1/14
  5346 | D:4      | Reached skill level 5 in Spellcasting
  5529 | D:4      | Found a shimmering altar of Xom.
  5681 | D:4      | Reached * piety under Vehumet
  5681 | D:4      | Offered knowledge of Sandblast by Vehumet.
  5920 | D:4      | Found a deep blue altar of Sif Muna.
  6131 | D:4      | Found an ancient bone altar of Kikubaaqudgha.
  6456 | D:5      | Entered Level 5 of the Dungeon
  6627 | D:5      | Offered knowledge of Throw Frost by Vehumet.
  6657 | D:5      | Reached ** piety under Vehumet
  7116 | D:5      | Reached XP level 8. HP: 45/61 MP: 16/16
  7217 | D:5      | Reached skill level 1 in Maces & Flails
  7399 | D:5      | Learned a level 2 spell: Throw Frost
  7483 | D:5      | Found a burning altar of Makhleb.
  7666 | D:5      | Found a glowing golden altar of the Shining One.
  7847 | D:5      | Found an iron altar of Okawaru.
  8122 | D:6      | Noticed Sigmund
  8127 | D:6      | Killed Sigmund
  8127 | D:6      | Reached skill level 7 in Conjurations
  8320 | D:6      | Noticed Duvessa
  8345 | D:6      | Noticed Dowan
  8355 | D:6      | HP: 3/62 [poisoned by Duvessa]
  8357 | D:6      | HP: 1/62 [poisoned by Duvessa]
  8360 | D:6      | Succumbed to Duvessa's poison

Skill      XL: |  1  2  3  4  5  6  7  8 |
---------------+-------------------------+-----
Dodging        | 2 3 4 |  4.0
Conjurations   | 5 6 7 |  7.0
Stealth        | 2 3 |  3.3
Short Blades   | 1 |  1.7
Spellcasting   | 3 4 5 6 |  6.3
Fighting       | 1 2 |  2.7
Polearms       | 1 |  1.9
Maces & Flails | 2 |  2.8
Unarmed Combat | |  0.2

Action                   |  1- 3 |  4- 6 |  7- 9 || total
-------------------------+-------+-------+-------++-------
Melee: Dagger            |    49 |    41 |       ||    90
       Unarmed           |     3 |       |       ||     3
       Tailslap          |     5 |     6 |     4 ||    15
       Spear             |       |    23 |    37 ||    60
       Flail             |       |       |    49 ||    49
 Cast: Magic Dart        |    81 |   109 |   110 ||   300
       Searing Ray       |       |    13 |    16 ||    29
       Dazzling Spray    |       |       |     1 ||     1
  Use: Scroll            |     3 |     7 |     9 ||    19
       Potion            |       |       |     7 ||     7
 Stab: Sleeping          |     2 |     1 |     2 ||     5
  Eat: Chunk             |     5 |     7 |     9 ||    21
       Ration            |       |     1 |     2 ||     3
Armor: Skin              |    22 |    32 |    58 ||   112
Dodge: Dodged            |    46 |    64 |   103 ||   213
